 Dungeon Crawl Stone Soup version 0.30-a0-900-g23479c02f2 (webtiles) character file.

Game seed: 299125669270329441

55 Jeffwins the Shooter (level 4, -3/30 HPs)
             Began as a Human Wanderer on Mar 19, 2023.
             Slain by an orc
             ... wielding a +0 whip
              (5 damage)
             ... on level 3 of the Dungeon.
             The game lasted 00:02:18 (1550 turns).

Jeffwins the Shooter (Human Wanderer)               Turns: 1550, Time: 00:02:18

Health: -3/30      AC:  5    Str: 10    XL:     4   Next: 14%
Magic:  7/7        EV:  9    Int: 18    God:
Gold:   93         SH:  0    Dex: 11    Spells: 4/7 levels left

rFire   . . .      SeeInvis .    a - +2 sling
rCold   . . .      Faith    .    (no shield)
rNeg    . . .      Spirit   .    b - +0 ring mail
rPois   .          Reflect  .    (no helmet)
rElec   .          Rampage  .    (no cloak)
rCorr   .                        (no gloves)
Will    .....                    (no boots)
Stlth   +                        (no amulet)
HPRegen 0.25/turn                (no ring)
MPRegen 0.10/turn                (no ring)

@: no status effects
A: no striking features
a: no special abilities


You were on level 3 of the Dungeon.
You visited 1 branch of the dungeon, and saw 3 of its levels.

You collected 93 gold pieces.


   Skills:
 * Level 3.4 Ranged Weapons
 - Level 3.0 Armour
 + Level 1.8 Stealth
 - Level 2.0 Spellcasting
 + Level 0.5 Translocations
 - Level 2.0 Poison Magic
 - Level 1.0 Evocations


You had 4 spell levels left.
You knew the following spells:

 Your Spells              Type           Power      Damage    Failure   Level
z - Sting                 Tmut/Pois      20%        1d4       28%         1
I - Blink                 Tloc           6%         N/A       47%         2

Your spell library contained the following spells:

 Spells                   Type           Power      Damage    Failure   Level
 Lesser Beckoning         Tloc           6%         N/A       47%         2
 Momentum Strike          Conj/Tloc      4%         3d8       52%         2
 Spider Form              Tmut/Pois      5%         N/A       65%         3

Inventory:

Hand Weapons
 a - a +2 sling (weapon)
 p - a +0 shortbow
Missiles
 f - 11 poisoned darts
Armour
 b - a +0 ring mail (worn)
 k - a +0 pair of boots
Jewellery
 O - a +4 ring of protection
Wands
 n - a wand of acid (13)
Scrolls
 d - 2 scrolls of fog {unknown}
 g - 2 scrolls of vulnerability {unknown}
 h - a scroll of enchant armour {unknown}
 j - a scroll of amnesia {unknown}
 m - 2 scrolls of identify {unknown}
 q - a scroll of teleportation {unknown}
Potions
 c - a potion of curing {@q1}
 e - 4 potions of brilliance {unknown}
 i - a potion of heal wounds {unknown}
 l - a potion of lignification {unknown}
 o - a potion of ambrosia {unknown}

Dungeon Overview and Level Annotations

Branches:
Dungeon (3/15)

Altars:

Shops:
D:2

* #... #.#.# ...## #.#.#
#...# #.#.# .o.## #.#.#
#...# #.#.# +.o.# #.#.#
###.# ###.#.#####
#####...###.........#
#.......)o@.........#####
#.###.#####.............#
#. #.........###.# ..
.....#.#.#.#.#.# ..
###.............# ...
#...#.#.#.#.#.# .#.
#..........<..#
#...#.#)#.#.#.# ##..
.......#


You could see an orc.


Message History

The sling bullet hits the orc but does no damage.
The orc is lightly wounded.
The orc hits you with a +0 whip.
* * * LOW HITPOINT WARNING * * *
The orc hits you but does no damage.
You shoot a sling bullet. The sling bullet hits the orc.
The orc is heavily wounded.
The orc hits you but does no damage.
You shoot a sling bullet.
The sling bullet closely misses the orc.
The orc barely misses you.
You shoot a sling bullet.
The sling bullet hits the orc but does no damage.
The orc is heavily wounded.
The orc barely misses you. The orc hits you but does no damage.
You shoot a sling bullet.
The sling bullet closely misses the orc.
The orc hits you with a +0 whip.
* * * LOW HITPOINT WARNING * * *
You shoot a sling bullet. The sling bullet hits the orc.
The orc is severely wounded.
The orc closely misses you. The orc hits you with a +0 whip.
* * * LOW HITPOINT WARNING * * *
You shoot a sling bullet. The sling bullet hits the orc.
The orc is almost dead.
The orc barely misses you.
Okay, then.
You shoot a sling bullet. The sling bullet barely misses the orc.
The orc hits you with a +0 whip.
You die...

Skill      XL: |  1  2  3 |
---------------+----------+-----
Stealth        | 1 |  1.8
Ranged Weapons | 3 |  3.4
Armour         | |  3.0
Spellcasting   | |  2.0
Translocations | |  0.5
Poison Magic   | |  2.0
Evocations     | |  1.0

Action                     |  1- 3 |  4- 6 || total
---------------------------+-------+-------++-------
   Fire: Sling             |   135 |    29 ||   164
 Armour: Ring mail         |    62 |     5 ||    67
  Dodge: Dodged            |    60 |    11 ||    71

Levels and vault maps discovered:
D:1:      giann_horns, layout_basic, dilly_ecumenical_altar_fadedgnrine,
          minmay_bisected
D:2:      layout_basic, serial_shops, nicolae_square_shop,
          hangedman_decor_growths
D:3:      minmay_razor_zed, layout_loops_ring, grunt_temple_overflow_holy_war,
          mainiacjoe_overflow_small_starburst, st_stairs_9

Notes
Turn   | Place    | Note
-------+----------+-------------------------------------------
     0 | D:1      | Jeffwins the Human Wanderer began the quest for the Orb.
     0 | D:1      | Jeffwins set off with the following items: a +2 sling, a +0
                  | ring mail, a potion of curing {@q1}; and the following
                  | spell memorised: Sting; and the following spells available
                  | to memorise: Spider Form.
     0 | D:1      | Reached XP level 1. HP: 13/13 MP: 3/3
    57 | D:1      | Reached XP level 2. HP: 18/19 MP: 5/5
   156 | D:1      | Reached skill level 1 in Stealth
   300 | D:1      | Reached XP level 3. HP: 13/24 MP: 6/6
   393 | D:1      | Reached skill level 3 in Ranged Weapons
   549 | D:1      | Found a faded altar of an unknown god.
   828 | D:2      | Learned a level 2 spell: Blink
  1156 | D:2      | Found Xure's Assorted Antiques.
  1288 | D:2      | Reached XP level 4. HP: 20/30 MP: 7/7
  1548 | D:3      | HP: 1/30 [orc/+0 whip (3)]
  1550 | D:3      | Slain by an orc

Vanquished Creatures
  3 dart slugs
  2 orcs (D:3)
  3 bats
  6 endoplasms
  5 giant cockroaches (D:1)
  2 goblins
  7 jackals
  2 ball pythons
  2 frilled lizards
  4 kobolds
  5 rats
41 creatures vanquished.

Table legend: (Time is in decaauts)
 A = Elapsed time spent in this place.
 B = Non-inter-level travel time spent in this place.
 C = Inter-level travel time spent in this place.
 D = Time resting spent in this place.
 E = Time spent auto-exploring this place.
 F = Levels seen in this place.
 G = Mean time per level.
                   A        B        C        D        E       F      G
               +--------+--------+--------+--------+--------+-----+--------+
         Total |   1611 |   1590 |     21 |      0 |   1241 |   3 |  537.0 |
       Dungeon |   1611 |   1590 |     21 |      0 |   1241 |   3 |  537.0 |
               +--------+--------+--------+--------+--------+-----+--------+

Top non-repeatable levels by time:
     D:2: 845 daAuts
     D:1: 698 daAuts
     D:3: 67 daAuts

Table legend:
 A = Non-vault XP
 B = Vault XP
 C = Vault XP percentage of total XP
 D = Non-vault monster count
 E = Vault monster count
 F = Vault count percentage of total count
                 A         B        C        D         E       F
            +---------+---------+-------+---------+---------+-------
      Total |      66 |      13 |  16.5 |      35 |       6 |  14.6
            +---------+---------+-------+---------+---------+-------
        D:1 |      33 |      10 |  23.3 |      20 |       4 |  16.7
        D:2 |      27 |       0 |   0.0 |      13 |       0 |   0.0
        D:3 |       6 |       3 |  33.3 |       2 |       2 |  50.0
            +---------+---------+-------+---------+---------+-------
